 Dungeon Sprint DCSS version 0.26-a0-672-g1df16c3386 (webtiles) character file.

Game seed: 13075877039334786816

23801 mhtbhm the Bludgeoner (level 12, -42/141 HPs)
             Began as a Troll Berserker on Oct 20, 2020.
             Was the Champion of Trog.
             Hit by a large rock thrown by a stone giant (59 damage)
             ... in the Dungeon (Sprint IX: "|||||||||||||||||||||||||||||").
             The game lasted 00:07:37 (2675 turns).

mhtbhm the Bludgeoner (Troll Berserker)             Turns: 2675, Time: 00:07:37

Health: -42/141    AC:  0    Str: 38    XL:     12   Next: 75%
Magic:  11/11      EV: 15    Int:  3    God:    Trog [******]
Gold:   1819       SH:  0    Dex: 15    Spells: 11/11 levels left

rFire    . . .     SeeInvis .   a - +11 morningstar "Bukall" {vorpal, Str+6 Dex+3 Stlth-}
rCold    . . .     Faith    .   (no shield)
rNeg     . . .     Spirit   .   b - +0 storm dragon scales
rPois    +         Reflect  .   (helmet restricted)
rElec    +         Harm     .   u - scarf {+Inv}
rCorr    .         Rampage  .   (gloves unavailable)
MR       .....     NoTele   +   (boots unavailable)
Stlth    ..........             (no amulet)
HPRegen  0.73/turn              l - +3 ring of dexterity
MPRegen  0.12/turn              w - ring of poison resistance

@: corroded, berserk cooldown, slowed, very slow
A: large, unfitting armour, claws 3, regeneration 1, shaggy fur 1, tough skin 3
a: Berserk, Trog's Hand, Brothers in Arms, Renounce Religion, Evoke Invisibility


You were in the Dungeon.
You worshipped Trog.
Trog was exalted by your worship.
You visited 1 branch You collected 1947 gold pieces.
You spent 128 gold pieces at shops.

Inventory:

Hand Weapons
 a - the +11 morningstar "Bukall" (weapon) {vorpal, Str+6 Dex+3 Stlth-}
   (Trog gifted it to you in the Dungeon)

   It inflicts extra damage upon your enemies.
   It affects your strength (+6).
   It affects your dexterity (+3).
   It makes you less stealthy.
 t - the +5 giant club of Doalal {flame, *Rage +Fly rC+ Dex+5}
   (Trog gifted it to you in the Dungeon)

   It has been specially enchanted to burn those struck by it, causing extra
   injury to most foes and up to half again as much damage against particularly
   susceptible opponents.
   It affects your dexterity (+5).
   It protects you from cold.
   It lets you fly.
   It may make you go berserk in combat.
Missiles
 s - 5 curare-tipped darts (quivered)
Armour
 b - +0 storm dragon scales (worn)
 u - a scarf of invisibility (worn)
Jewellery
 l - a +3 ring of dexterity (left claw)
 m - a +2 ring of protection
 n - an uncursed ring of fire
 v - an uncursed ring of protection from fire
 w - a ring of poison resistance (right claw)
Wands
 k - a wand of acid (7)
Scrolls
 j - 4 scrolls of remove curse
 o - 4 scrolls of enchant weapon
 p - a scroll of fear
 q - 2 scrolls of identify
 y - 2 scrolls of enchant armour
Potions
 c - 7 potions of curing
 d - 4 potions of heal wounds
 e - a potion of haste
 f - 4 potions of magic
 g - 2 potions of berserk rage
 i - a potion of invisibility
 r - 2 potions of lignification
 x - a potion of stabbing
 z - 2 potions of resistance


   Skills:
 + Level 15.1 Fighting
 + Level 19.3 Maces & Flails
 + Level 2.3 Armour
 + Level 13.4 Dodging
 + Level 3.7 Stealth
 + Level 3.4 Evocations


You had 11 spell levels left.
You didn't know any spells.
Your spell library was empty.

Dungeon Overview and Level Annotations

Branches:
Dungeon (1/1)

Altars:
Cheibriados
Dithmenos
Elyvilon
Fedhas
Gozag
Hepliaklqana
Kikubaaqudgha
Makhleb
Nemelex Xobeh
Okawaru
Qazlal
Ru
Sif Muna
Trog
Uskayaw
Vehumet
Wu Jian
Xom
Yredelemnul
Zin
The Shining One
Beogh
Jiyva
Lugonu

Shops:
D ([(:


Innate Abilities, Weirdness & Mutations

You are too large for most types of armour.
You have claws for hands.
Your natural rate of healing is unusually fast.
You are covered in fur. (AC +1)
You have extremely tough skin. (AC +3)


Message History

Things that are here:
+0 fire dragon scales; a fire dragon corpse Unknown command.
Your cyclops hits the stone giant!!
The stone giant throws a large rock.
The large rock hits your cyclops!!
Your cyclops dies!
Your cyclops's corpse disappears in a puff of smoke!
You see here a glowing giant spiked club {god gift}.
Unknown command.
Press: ? - help, v - describe, . - travel
Here: a stone giant, quivering a large rock (moderately wounded)
The floor, spattered with blood.
Unknown command.
You are too injured to fight recklessly!
Unknown command.
Press: ? - help, Dir - move target cursor
As you read the scroll of blinking, it crumbles to dust.
Unknown command.
The stone giant throws a large rock.
The large rock hits you!!!
You die...

▓_▓.▓.▓.▓)▓.▓[▓
▓_▓.▓'▓.▓)▓.▓[▓
▓_▓.▓)▓.▓)▓.▓.▓
▓_▓.▓)▓.▓)▓.▓.▓
▓_▓.▓†▓.▓.▓.▓.▓
▓_▓.▓.▓.▓)▓.▓.▓
▓_▓.▓†▓.▓)▓.▓.▓
▓_▓.▓.▓.▓)▓.▓.▓
▓_▓.▓.▓.▓.▓.▓@▓
▓_▓.▓.▓.▓)▓.▓.▓
▓_▓.▓.▓.▓'▓)▓.▓
▓'▓.▓'▓.▓)▓.▓.▓
▓.▓.▓.▓.▓)▓.▓'▓
▓?▓.▓.▓.▓)▓.▓)▓
▓)▓.▓.▓.▓[▓.▓†▓
▓.▓.▓.▓.▓.▓.▓C▓
▓.▓.▓.▓.▓∩▓.▓)▓


You could see a stone giant.

Vanquished Creatures
  A very ugly thing (D)
  A fire dragon (D)
  A hydra (D)
  A catoblepas (D)
  A centaur warrior (D)
  4 death yaks (D)
  6 orc high priests (D)
  Sonja (D)
  2 unseen horrors (D)
  9 orc knights (D)
  A harpy (shapeshifter) (D)
  2 ugly things (D)
  3 cane toads (D)
  A black mamba (D)
  Psyche (D)
  A yaktaur (D)
  2 rime drakes (D)
  2 komodo dragons (D)
  A polar bear (D)
  A slime creature (D)
  6 yaks (D)
  A wraith (D)
  A wyvern (D)
  Eustachio (D)
  A vampire mosquito (D)
  3 water moccasins (D)
  8 orc warriors (D)
  A sky beast (D)
  An ice beast (D)
  A black bear (D)
  4 bullfrogs (D)
  2 scorpions (D)
  A howler monkey (D)
  A quasit (D)
  2 jellies (D)
  An orc priest (D)
  2 orc wizards (D)
  An adder (D)
  2 leopard geckos (D)
  5 orcs (D)
  A ball python (D)
  A bat (D)
  3 kobolds (D)
  A rat (D)
93 creatures vanquished.

Vanquished Creatures (collateral kills)
  An orc high priest (D)
  An orc knight (D)
  An orc sorcerer (D)
  2 orc wizards (D)
  2 orcs (D)
7 creatures vanquished.

Grand Total: 100 creatures vanquished

Notes
Turn   | Place    | Note
-------+----------+-------------------------------------------
     0 | D        | mhtbhm the Troll Berserker began the quest for the Orb.
     0 | D        | Reached XP level 1. HP: 22/22 MP: 0/0
     3 | D        | Banished a spatial maelstrom
    10 | D        | Reached skill level 3 in Maces & Flails
    11 | D        | Reached ** piety under Trog
    24 | D        | Noticed a scorpion
    24 | D        | Noticed a jelly
    24 | D        | Noticed a howler monkey
    27 | D        | Killed a scorpion
    27 | D        | Reached skill level 4 in Maces & Flails
    27 | D        | Reached XP level 2. HP: 32/32 MP: 1/1
    27 | D        | Reached XP level 3. HP: 39/39 MP: 2/2
    29 | D        | Reached *** piety under Trog
    29 | D        | Reached skill level 5 in Maces & Flails
    29 | D        | Reached XP level 4. HP: 49/49 MP: 3/3
    34 | D        | Reached skill level 5 in Fighting
    34 | D        | Reached skill level 5 in Dodging
    74 | D        | Found a roughly hewn altar of Beogh.
    74 | D        | Found a snail-covered altar of Cheibriados.
    74 | D        | Found a shadowy altar of Dithmenos.
    74 | D        | Found a white marble altar of Elyvilon.
    74 | D        | Found a blossoming altar of Fedhas.
    74 | D        | Found an opulent altar of Gozag.
    75 | D        | Found a hazy altar of Hepliaklqana.
    76 | D        | Found a viscous altar of Jiyva.
    77 | D        | Found an ancient bone altar of Kikubaaqudgha.
    78 | D        | Found a corrupted altar of Lugonu.
    79 | D        | Found a burning altar of Makhleb.
    80 | D        | Found a sparkling altar of Nemelex Xobeh.
    81 | D        | Found an iron altar of Okawaru.
    82 | D        | Found a stormy altar of Qazlal.
    83 | D        | Found a sacrificial altar of Ru.
    84 | D        | Found a shimmering blue altar of Sif Muna.
    85 | D        | Found a bloodstained altar of Trog.
    86 | D        | Found a hide-covered altar of Uskayaw.
    87 | D        | Found a radiant altar of Vehumet.
    88 | D        | Found an ornate altar of the Wu Jian Council.
    89 | D        | Found a shimmering altar of Xom.
    90 | D        | Found a basalt altar of Yredelemnul.
    91 | D        | Found a glowing silver altar of Zin.
    92 | D        | Found a glowing golden altar of the Shining One.
   109 | D        | Got the +2 morningstar of Dismemberment {drain, rN+ Int+5
                  | Dex-3}
   133 | D        | Noticed a wraith
   133 | D        | Noticed a black bear
   138 | D        | Killed a wraith
   138 | D        | Reached **** piety under Trog
   138 | D        | Reached skill level 7 in Maces & Flails
   138 | D        | Reached XP level 5. HP: 61/61 MP: 4/4
   140 | D        | Reached XP level 6. HP: 68/68 MP: 5/5
   151 | D        | Reached ***** piety under Trog
   151 | D        | Reached skill level 8 in Maces & Flails
   205 | D        | Noticed a white ugly thing
   205 | D        | Noticed a sky beast
   205 | D        | Noticed a yak
   211 | D        | Killed a white ugly thing
   211 | D        | Reached skill level 9 in Maces & Flails
   211 | D        | Reached XP level 7. HP: 23/81 MP: 6/6
   222 | D        | Received a gift from Trog
   226 | D        | Reached skill level 10 in Maces & Flails
   226 | D        | Reached XP level 8. HP: 14/91 MP: 7/7
   231 | D        | HP: 2/92 [something (7)]
   241 | D        | Killed an unseen horror
   241 | D        | Reached skill level 11 in Maces & Flails
   584 | D        | Noticed a cane toad
   584 | D        | Noticed a komodo dragon
   584 | D        | Noticed a cane toad
   587 | D        | Killed a cane toad
   587 | D        | Reached skill level 10 in Fighting
   587 | D        | Reached XP level 9. HP: 101/101 MP: 8/8
   589 | D        | Noticed a komodo dragon
   592 | D        | Killed a komodo dragon
   592 | D        | Reached skill level 10 in Dodging
   592 | D        | Reached skill level 1 in Evocations
   596 | D        | Reached skill level 12 in Maces & Flails
   604 | D        | Killed a cane toad
   611 | D        | Received a gift from Trog
   617 | D        | Killed a komodo dragon
   624 | D        | Reached skill level 13 in Maces & Flails
   851 | D        | Noticed a rime drake
   851 | D        | Noticed a cane toad
   851 | D        | Noticed a five-headed hydra
   857 | D        | Killed a rime drake
   866 | D        | Noticed a polar bear
   868 | D        | Killed a five-headed hydra
   868 | D        | Reached ****** piety under Trog
   868 | D        | Reached skill level 14 in Maces & Flails
   868 | D        | Reached skill level 1 in Stealth
   868 | D        | Reached XP level 10. HP: 74/114 MP: 9/9
   870 | D        | Noticed a black mamba
   871 | D        | Killed a cane toad
   882 | D        | Received a gift from Trog
   888 | D        | Killed a black mamba
   892 | D        | Got a bloodstained giant club {god gift}
   893 | D        | Identified the +5 giant club of Doalal {flame, *Rage +Fly
                  | rC+ Dex+5} (Trog gifted it to you in the Dungeon)
  1028 | D        | Noticed a death yak
  1028 | D        | Noticed a death yak
  1028 | D        | Noticed a death yak
  1029 | D        | Noticed a death yak
  1032 | D        | Killed a death yak
  1032 | D        | Reached skill level 15 in Maces & Flails
  1037 | D        | Killed a death yak
  1043 | D        | Killed a death yak
  1045 | D        | Noticed a catoblepas
  1387 | D        | Killed a death yak
  1387 | D        | Reached XP level 11. HP: 123/123 MP: 10/10
  1389 | D        | Received a gift from Trog
  1389 | D        | Reached skill level 16 in Maces & Flails
  1393 | D        | Killed a catoblepas
  1545 | D        | Noticed Eustachio
  1546 | D        | Noticed Sonja
  1550 | D        | Killed Eustachio
  1561 | D        | Killed Sonja
  1660 | D        | Noticed an orc sorcerer
  1662 | D        | Received a gift from Trog
  1664 | D        | Noticed a soul eater
  1694 | D        | Killed an orc sorcerer
  1699 | D        | Received a gift from Trog
  1728 | D        | Got an iridescent morningstar {god gift}
  1729 | D        | Identified the +11 morningstar "Bukall" {vorpal, Str+6
                  | Dex+3 Stlth-} (Trog gifted it to you in the Dungeon)
  1819 | D        | Noticed an orc knight
  1819 | D        | Noticed an orc knight
  1828 | D        | Killed an orc knight
  1831 | D        | Killed an orc knight
  1837 | D        | Reached skill level 17 in Maces & Flails
  1839 | D        | Noticed an orc high priest
  1840 | D        | Noticed an orc knight
  1845 | D        | Received a gift from Trog
  1852 | D        | Killed an orc high priest
  1861 | D        | Killed an orc knight
  1928 | D        | Found Idan's Weapon Emporium.
  1928 | D        | Noticed an orc high priest
  1928 | D        | Noticed an orc knight
  1928 | D        | Noticed an orc knight
  1928 | D        | Noticed an orc knight
  1928 | D        | Noticed an orc high priest
  1929 | D        | Noticed an orc high priest
  1930 | D        | Noticed a soul eater
  1933 | D        | Killed an orc high priest
  1934 | D        | Found Roes's Antique Armour Shoppe.
  1934 | D        | Noticed an orc high priest
  1945 | D        | Killed an orc knight
  1949 | D        | Killed an orc knight
  1950 | D        | Found Orythriu's Weapon Emporium.
  1954 | D        | Killed an orc knight
  1957 | D        | Killed an orc high priest
  1957 | D        | Received a gift from Trog
  1957 | D        | Reached XP level 12. HP: 69/137 MP: 11/11
  1961 | D        | Killed an orc high priest
  1961 | D        | Reached skill level 18 in Maces & Flails
  1962 | D        | Killed an orc high priest
  1980 | D        | Noticed an orc high priest
  1986 | D        | Killed an orc high priest
  2298 | D        | Found Zaviwkel's Book Shoppe.
  2300 | D        | Noticed an orc high priest
  2310 | D        | Killed an orc high priest
  2318 | D        | Bought a glowing scarf for 128 gold pieces
  2449 | D        | Noticed Psyche
  2452 | D        | Killed Psyche
  2622 | D        | Noticed a centaur warrior
  2630 | D        | Noticed a fire dragon
  2630 | D        | Received a gift from Trog
  2638 | D        | Noticed an ogre mage
  2642 | D        | Killed a centaur warrior
  2642 | D        | Reached skill level 19 in Maces & Flails
  2646 | D        | Reached skill level 1 in Armour
  2649 | D        | Noticed a brown very ugly thing
  2650 | D        | Killed a fire dragon
  2651 | D        | Received a gift from Trog
  2652 | D        | Noticed a stone giant
  2652 | D        | Noticed an ice dragon
  2657 | D        | Reached skill level 15 in Fighting
  2669 | D        | Killed a brown very ugly thing
  2675 | D        | Hit by a large rock thrown by a stone giant

Illustrated notes

Levels and vault maps discovered:
D:        linesprint [early_d, line_temple, items_1, d_10, items_2, lair_1,
          lair_end, items_3, orc_1, orc_end, items_4, d_15, swamp_1, shoals_1,
          snake_1, spider_1, d_20, vaults_1, items_5, swamp_end, shoals_end,
          snake_end, spider_end, vaults_end, d_27, items_6, zot_1, zot_end,
          crypt_end, forest_end, elf_end, slime_end, tomb_end, abyss_end,
          pan_hell_end]

Skill      XL: |  1  2  3  4  5  6  7  8  9 10 11 12 |
---------------+-------------------------------------+-----
Maces & Flails | 4 5 7 9 10 11 14 15 17 19 | 19.3
Fighting       | 4 6 8 10 11 12 13 15 | 15.1
Dodging        | 4 6 8 9 11 12 13 | 13.4
Evocations     | 2 3 |  3.4
Stealth        | 1 3 |  3.7
Armour         | 2 |  2.3

Action                   |  1- 3 |  4- 6 |  7- 9 | 10-12 || total
-------------------------+-------+-------+-------+-------++-------
Melee: Mace              |    17 |     5 |       |       ||    22
       Morningstar       |       |    21 |    66 |   133 ||   220
       Giant club        |       |       |       |    63 ||    63
Invok: Berserk           |     1 |     2 |     2 |     7 ||    12
       Brothers in Arms  |       |       |       |     4 ||     4
Evoke: Wand              |       |       |     4 |     5 ||     9
  Use: Scroll            |       |       |     2 |     2 ||     4
       Potion            |       |       |     2 |     3 ||     5
 Stab: Petrifying        |       |       |       |     1 ||     1
Armor: Animal skin       |     3 |     7 |    17 |    20 ||    47
       Storm dragon scal |       |       |       |    13 ||    13
Dodge: Dodged            |     8 |    13 |    42 |    94 ||   157

Table legend: (Time is in decaauts)
 A = Elapsed time spent in this place.
 B = Non-inter-level travel time spent in this place.
 C = Inter-level travel time spent in this place.
 D = Time resting spent in this place.
 E = Time spent auto-exploring this place.
 F = Levels seen in this place.
 G = Mean time per level.
                   A        B        C        D        E       F      G
               +--------+--------+--------+--------+--------+-----+--------+
         Total |   2704 |   2704 |      0 |   1385 |    382 |   1 | 2704.0 |
       Dungeon |   2704 |   2704 |      0 |   1385 |    382 |   1 | 2704.0 |
               +--------+--------+--------+--------+--------+-----+--------+

Top non-repeatable levels by time:
       D: 2704 daAuts
